 Dungeon Crawl Stone Soup version 0.19-a0-994-g3c636f0 (webtiles) character file.

32 4thArraOfDagon the Firebug (level 3, -6/19 HPs)
             Began as a Deep Elf Fire Elementalist on July 17, 2016.
             Mangled by an ice beast (14 damage)
             ... on level 5 of the Dungeon.
             The game lasted 00:02:40 (479 turns).

4thArraOfDagon the Firebug (DEFE)                    Turns: 479, Time: 00:02:40

Health: -6/19      AC:  2    Str:  5    XL:     3   Next: 10%
Magic:  9/9        EV: 13    Int: 20    God:
Gold:   18         SH:  0    Dex: 15    Spells: 2 memorised, 4 levels left

rFire  + . .     SeeInvis .     e - +0 short sword (curse)
rCold  . . .     Gourm    .     a - +0 robe
rNeg   . . .     Faith    .     (no shield)
rPois  .         Spirit   .     (no helmet)
rElec  .         Dismiss  .     (no cloak)
rCorr  .         Reflect  .     (no gloves)
SustAt .         Harm     .     (no boots)
MR     .....                    f - amulet of inaccuracy (curse)
Stlth  ++........               (no ring)
                                g - ring of protection from fire

@: not resistant to hostile enchantments, unstealthy
A: sturdy frame 1
a: no special abilities


You were on level 5 of the Dungeon.
You were not hungry.

You visited 1 branch of the dungeon, and saw 5 of its levels.

You collected 18 gold pieces.

Inventory:

Hand Weapons
 e - a cursed +0 short sword (weapon)
 i - a cursed -3 falchion
Armour
 a - a +0 robe (worn)
Jewellery
 f - a cursed amulet of inaccuracy (around neck)
 g - a ring of protection from fire (left hand)
Potions
 d - a potion of curing
Books
 b - a book of Flames

   Spells                             Type                      Level
   a - Flame Tongue                   Conjuration/Fire             1
   b - Throw Flame                    Conjuration/Fire             2
   c - Conjure Flame                  Conjuration/Fire             3
   d - Inner Flame                    Hexes/Fire                   3
   e - Sticky Flame                   Conjuration/Fire             4
   f - Fireball                       Conjuration/Fire             5
Comestibles
 c - a bread ration


   Skills:
 - Level 2.4 Dodging
 - Level 2.4 Stealth
 + Level 3.4 Spellcasting
 * Level 2.2 Conjurations
 * Level 3.9 Fire Magic


You had 4 spell levels left.
You knew the following spells:

 Your Spells              Type           Power        Failure   Level  Hunger
a - Flame Tongue          Conj/Fire      ###..        4%          1    None
b - Conjure Flame         Conj/Fire      ###.....     14%         3    ###....


Dungeon Overview and Level Annotations

Branches:
Dungeon (5/15)
 Temple: D:4-7

Altars:


Innate Abilities, Weirdness & Mutations

Your movements are slightly less encumbered by armour. (ER -2)


Message History

There is an open door here.
You see here 11 gold pieces.
You see here 11 gold pieces.
The ice beast misses you.
There is an open door here.
Okay, then.
You see here 11 gold pieces.
The ice beast closely misses you.
The sky beast flickers out of sight!
Deactivating autopickup; reactivate with Ctrl-A.
You hear a distant slurping noise.
A sky beast appears from thin air!
Reactivating autopickup.
You see here 11 gold pieces.
There is an open door here.
There's a creature in the doorway!
Enter note: OL You open the door.
The ice beast hits you. The ice beast freezes you!
Ouch! That really hurt!
You die...

.................รท..........
..................<.........
..Y........................%
.............Y..............
######+##....#####Y.....####
#....#...#......#
#....#...'....[.#
#....#..Y#......#
#...Y#.@.#......+
+##+#...$#'###......###
.........#..#...<.....#
.........#..#.........#
.........#..#.........#
.........#..#.........#
.........#..#.........#
.........#..'.........#
.........##+#.........#


You could see an ice beast and a sky beast.

Vanquished Creatures
  A worker ant zombie (D:5)
  An ooze (D:4)
  2 giant geckos
  An orc (D:4)
  2 bats
  3 goblins
  A hobgoblin (D:2)
  A quokka (D:5)
  2 kobolds
  A rat (D:2)
15 creatures vanquished.

Notes
Turn   | Place    | Note
-------+----------+-------------------------------------------
     0 | D:1      | 4thArraOfDagon the Deep Elf Fire Elementalist began the quest for the Orb.
     0 | D:1      | Reached XP level 1. HP: 10/10 MP: 6/6
   114 | D:2      | Reached XP level 2. HP: 14/15 MP: 5/8
   176 | D:5      | Entered Level 5 of the Dungeon
   185 | D:5      | Noticed a sky beast
   275 | D:5      | Reached XP level 3. HP: 19/19 MP: 4/9
   280 | D:5      | Learned a level 3 spell: Conjure Flame
   308 | D:5      | Noticed an ice beast
   310 | D:5      | LOL
   316 | D:5      | Gained mutation: Your movements are slightly less encumbered by armour. (ER -2) [potion of beneficial mutation]
   478 | D:5      | OL
   479 | D:5      | Mangled by an ice beast

Vault maps used:
D:1:      enne_arrival_octagon_isle
D:2:      minmay_cut_off, uniq_iyjb
D:3:      nicolae_dithmenos_through_a_glass_darkly, marbit_many_paths
D:4:      minmay_wonky_spiral, nicolae_gozag_cash_rules_everything_around_me,
          lemuel_crystal_altar, lightli_temple_of_fire, solitary_fountain,
          grunt_ministairs_14, amethyst_killhole, minmay_misc_feat_pillars
D:5:      grunt_pakellas_basics, first_bread, sigmund_army

Skill      XL: |  1  2 |
---------------+-------+-----
Conjurations   | 2 |  2.2
Dodging        | |  2.4
Stealth        | |  2.4
Spellcasting   | |  3.4
Fire Magic     | |  3.9

Action                   || total
-------------------------++-------
Melee: Unarmed           ||     5
       Short sword       ||     2
 Cast: Flame Tongue      ||    29
  Use: Scroll            ||     1
       Potion            ||     2
 Stab: Sleeping          ||     2
Dodge: Dodged            ||    15
